 Dungeon Crawl Stone Soup version 0.21.1-1-g345015fe64 (webtiles) character file.

135 Mrkan the Shield-Bearer (level 5, 0/42 HPs)
             Began as a Formicid Fighter on May 6, 2018.
             Slain by a goblin (3 damage)
             ... led by Robin
             ... on level 2 of the Dungeon.
             The game lasted 00:04:51 (2065 turns).

Mrkan the Shield-Bearer (Formicid Fighter)          Turns: 2065, Time: 00:04:53

Health: 0/42       AC: 13    Str: 22    XL:     5   Next: 42%
Magic:  5/5        EV:  6    Int:  7    God:
Gold:   138        SH: 10    Dex: 10    Spells: 4/4 levels left

rFire    . . .     SeeInvis +   a - +0 flail
rCold    . . .     Gourm    +   c - +0 shield
rNeg     . . .     Faith    .   k - +0 chain mail
rPois    .         Spirit   .   (helmet unavailable)
rElec    .         Reflect  .   d - +0 cloak
rCorr    .         Harm     .   r - +2 pair of gloves
MR       .....                  (no boots)
Stlth    ..........             o - amulet of the gourmand
HPRegen  0.14/turn              (no ring)
MPRegen  0.09/turn              (no ring)

@: no status effects
A: permanent stasis, dig shafts and tunnels, four strong arms, antennae 3,
mutation resistance 1
a: Dig, Shaft Self


You were on level 2 of the Dungeon.
You were not hungry.

You visited 1 branch of the dungeon, and saw 2 of its levels.

You collected 138 gold pieces.

Inventory:

Hand Weapons
 a - a +0 flail (weapon)
 m - a +1 mace of protection
Armour
 c - a +0 shield (worn)
 d - a +0 cloak (worn)
 k - a +0 chain mail (worn)
 r - a +2 pair of gloves (worn)
Jewellery
 b - an uncursed ring of wizardry {unknown}
 g - a +4 ring of protection {unknown}
 n - an uncursed ring of positive energy {unknown}
 o - an amulet of the gourmand (around neck)
 p - a cursed ring of loudness {unknown}
Scrolls
 e - 2 scrolls of identify
 h - 3 scrolls of magic mapping
 i - a scroll of fog {unknown}
 j - 2 scrolls of teleportation {unknown}
 l - a scroll of remove curse {unknown}
Potions
 q - a potion of curing {unknown}
 t - a potion of resistance {unknown}
Comestibles
 f - 2 rations


   Skills:
 + Level 4.2 Fighting
 + Level 3.1 Maces & Flails
 + Level 4.2 Armour
 + Level 4.6 Shields


You had 4 spell levels left.
You didn't know any spells.

Dungeon Overview and Level Annotations

Branches:
Dungeon (2/15)

Altars:


Innate Abilities, Weirdness & Mutations

You cannot be hasted, slowed, berserked, paralysed or teleported.
You can dig through walls and to a lower floor.
Your four strong arms can wield two-handed weapons with a shield.
You have a pair of large antennae on your head. (SInv)
You are somewhat resistant to further mutation.


Message History

The goblin hits you with a dagger.
* * * LOW HITPOINT WARNING * * *
The goblin hits you.
* * * LOW HITPOINT WARNING * * *
You miss the goblin. You block the goblin's attack. x2
You barely miss the goblin. The goblin hits you but does no damage.
You block the goblin's attack.
You barely miss the goblin. You block the goblin's attack.
The goblin barely misses you. You block the goblin's attack.
It was a potion of mutation.
You feel extremely strange.
You feel resistant to poisons.
You feel less resistant to poisons.
You feel genetically stable. The goblin hits you with a dagger.
* * * LOW HITPOINT WARNING * * *
The goblin closely misses you. The goblin hits you but does no damage.
Your shield and chain mail prevent you from hitting the goblin.
The goblin hits you with a dagger.
* * * LOW HITPOINT WARNING * * *
The goblin hits you.
You die...

.........#
#####♣♣♣.♣.P#.###.#
#. .........#
♣♣♣♣♣### #.# #.
.........# #.# #.
.........###########
##'###.
#########..........#
#......
#########........).#
#......
#......#########.###
#......
#......#########g##
#......
#.....÷........g@g#
#......
#.................#
#......
#.................#
#......
#.................#
#......
#.................#
#......
#.................#
#######
#......############
#......# #......#


You could see 3 goblins.

Vanquished Creatures
  Crazy Yiuf (D:2)
  A worker ant (D:2)
  Robin (D:2)
  2 adders (D:2)
  A worm (D:2)
  A dart slug (D:1)
  2 leopard geckos (D:1)
  3 bats (D:1)
  2 giant cockroaches
  11 goblins
  6 hobgoblins (D:2)
  4 jackals (D:2)
  5 kobolds
  5 frilled lizards
  A rat (D:2)
46 creatures vanquished.

Notes
Turn   | Place    | Note
-------+----------+-------------------------------------------
     0 | D:1      | Mrkan the Formicid Fighter began the quest for the Orb.
     0 | D:1      | Reached XP level 1. HP: 18/18 MP: 1/1
   142 | D:1      | Reached XP level 2. HP: 6/24 MP: 2/2
   814 | D:1      | Reached XP level 3. HP: 29/29 MP: 3/3
  1376 | D:2      | Reached XP level 4. HP: 37/37 MP: 4/4
  1523 | D:2      | Found a runed door.
  1527 | D:2      | Noticed Crazy Yiuf
  1539 | D:2      | Killed Crazy Yiuf
  1885 | D:2      | Reached XP level 5. HP: 38/42 MP: 5/5
  2001 | D:2      | Noticed Robin
  2060 | D:2      | Killed Robin
  2064 | D:2      | Gained mutation: Your system is resistant to poisons. (rPois) [potion of mutation]
  2064 | D:2      | Lost mutation: Your system is resistant to poisons. (rPois) [potion of mutation]
  2064 | D:2      | Gained mutation: You are somewhat resistant to further mutation. [potion of mutation]
  2065 | D:2      | Slain by a goblin

Skill      XL: |  1  2  3  4  5 |
---------------+----------------+-----
Shields        | 4 |  4.6
Fighting       | 4 |  4.2
Armour         | 4 |  4.2
Maces & Flails | 3 |  3.1

Action                   |  1- 3 |  4- 6 || total
-------------------------+-------+-------++-------
Melee: Flail             |   107 |    87 ||   194
  Use: Scroll            |       |     2 ||     2
       Potion            |       |     2 ||     2
  Eat: Chunk             |     2 |     4 ||     6
Armor: Scale mail        |    15 |       ||    15
       Chain mail        |    35 |    69 ||   104
Dodge: Dodged            |    30 |    28 ||    58
Block: Shield            |    57 |    67 ||   124
